 Dungeon Crawl Stone Soup version 0.27-a0-262-gc50aac273e (webtiles) character file.

Game seed: 7164626164773123079

139 kae the Ruffian (level 5, -3/41 HPs)
             Began as a Draconian Transmuter on Feb 4, 2021.
             Slain by Duvessa
             ... wielding a +0 short sword
              (7 damage)
             ... on level 4 of the Dungeon.
             The game lasted 00:01:43 (3478 turns).

kae the Ruffian (Draconian Transmuter)              Turns: 3478, Time: 00:01:43

Health: -3/41      AC:  8    Str: 14    XL:     5   Next: 1%
Magic:  6/8        EV: 12    Int: 13    God:
Gold:   136        SH:  0    Dex: 11    Spells: 5/9 levels left

rFire    . . .     SeeInvis .     - Unarmed
rCold    . . .     Faith    .   (no shield)
rNeg     . . .     Spirit   .   (armour unavailable)
rPois    .         Reflect  .   (helmet restricted)
rElec    .         Harm     .   (no cloak)
rCorr    .         Rampage  .   (no gloves)
Will     .....                  g - +2 pair of boots
Stlth    +.........             (no amulet)
HPRegen  0.13/turn              (no ring)
MPRegen  0.11/turn              (no ring)

@: no status effects
A: unfitting armour, cold-blooded, AC +5
a: no special abilities


You were on level 4 of the Dungeon.
You visited 1 branch of the dungeon, and saw 4 of its levels.

You collected 136 gold pieces.

Inventory:

Armour
 g - a +2 pair of boots (worn)
Jewellery
 h - an uncursed amulet of the acrobat {unknown}
 o - a cursed -4 ring of protection {unknown}
Scrolls
 a - 4 scrolls of identify {unknown}
 e - 3 scrolls of teleportation {unknown}
 i - a scroll of fear {unknown}
 j - a scroll of remove curse {unknown}
 k - a scroll of enchant weapon {unknown}
 l - a scroll of magic mapping {unknown}
 n - a scroll of random uselessness {unknown}
 q - a scroll of enchant armour {unknown}
Potions
 b - a potion of degeneration {unknown}
 c - 5 potions of curing {unknown}
 d - 3 potions of attraction {unknown}
 f - 2 potions of lignification {unknown}
 m - a potion of heal wounds {unknown}
 p - a potion of haste {unknown}


   Skills:
 + Level 2.0 Fighting
 + Level 2.2 Dodging
 * Level 4.1 Unarmed Combat
 + Level 2.5 Spellcasting
 + Level 2.6 Transmutations
 * Level 1.5 Poison Magic


You had 5 spell levels left.
You knew the following spells:

 Your Spells              Type           Power        Failure   Level
a - Beastly Appendage     Tmut           16%          9%          1
b - Spider Form           Tmut/Pois      3%           30%         3

Your spell library contained the following spells:

 Spells                   Type           Power        Failure   Level
 Wereblood                Tmut           8%           12%         2
 Ice Form                 Ice/Tmut       5%           80%         4
 Blade Hands              Tmut           4%           92%         5


Dungeon Overview and Level Annotations

Branches:
Dungeon (4/15)
 Temple: D:4-7

Altars:
Kikubaaqudgha
Qazlal

Shops:
D:4 (

Annotations:
D:3 3 runed translucent doors, exclusion: upstairs, WasteTime5's ghost, amateur KoHu
D:4 Dowan; Duvessa


Innate Abilities, Weirdness & Mutations

Your plain brown scales are hard. (AC +5)
You cannot fit into any form of body armour.
You are cold-blooded and may be slowed by cold attacks.


Message History

Dowan blinks!
Duvessa hits you but does no damage. Duvessa hits you but does no damage.
Duvessa hits you with a +0 short sword. Dowan gestures at you while chanting.
You resist with some effort. Duvessa hits you with a +0 short sword!
Duvessa hits you but does no damage. Duvessa hits you with a +0 short sword.
Duvessa gestures with her weapon.
Duvessa hits you but does no damage. Duvessa hits you with a +0 short sword!
* * * LOW HITPOINT WARNING * * *
You see here a leopard gecko corpse.
Duvessa hits you with a +0 short sword.
* * * LOW HITPOINT WARNING * * *
Okay, then.
Duvessa hits you but does no damage.
There is a stone staircase leading up here.
Duvessa hits you with a +0 short sword!
You die...

..........
#........
#........
#........
##..e.....
######+##.........
#...†...e.........
#e#.†.....########
#@+..........# #
#.#.......#### #
#.#........... .
#.#......##### #
#.#......#
#.+......#
#.#......#
#.###+####


You could see Duvessa (fast).

Vanquished Creatures
  A hound (D:4)
  An iguana (D:4)
  An adder (D:2)
  2 oozes
  An adder skeleton (D:3)
  2 worms
  A dart slug (D:2)
  2 leopard geckos (D:4)
  3 orcs (D:3)
  5 bats
  3 giant cockroaches
  9 goblins
  5 hobgoblins
  2 ball pythons
  5 frilled lizards
  6 kobolds
  6 rats
55 creatures vanquished.

Notes
Turn   | Place    | Note
-------+----------+-------------------------------------------
     0 | D:1      | kae the Draconian Transmuter began the quest for the Orb.
     0 | D:1      | Reached XP level 1. HP: 16/16 MP: 3/3
   294 | D:1      | Reached XP level 2. HP: 22/23 MP: 3/5
   925 | D:2      | Found a stormy altar of Qazlal.
   926 | D:2      | Noticed an air elemental
   927 | D:2      | Noticed an earth elemental
   927 | D:2      | Noticed a water elemental
   927 | D:2      | Noticed a fire elemental
  1155 | D:2      | Reached XP level 3. HP: 28/28 MP: 4/6
  1159 | D:2      | Learned a level 3 spell: Spider Form
  2919 | D:3      | Reached XP level 4. HP: 34/36 MP: 5/7
  2986 | D:3      | Noticed WasteTime5's ghost (amateur KoHu)
  3011 | D:3      | Found a runed translucent gate.
  3011 | D:3      | Found a runed translucent gate.
  3011 | D:3      | Found a runed translucent gate.
  3060 | D:3      | Reached skill level 1 in Poison Magic
  3277 | D:2      | Found an ancient bone altar of Kikubaaqudgha.
  3394 | D:4      | Reached skill level 4 in Unarmed Combat
  3414 | D:4      | Found Bumniozu's Antique Weapon Boutique.
  3437 | D:4      | Noticed Duvessa
  3437 | D:4      | Noticed Dowan
  3438 | D:4      | Reached XP level 5. HP: 39/41 MP: 1/8
  3478 | D:4      | Slain by Duvessa

Illustrated notes

Levels and vault maps discovered:
D:1:      mrwooster_arrival_statue_3, layout_basic, kennysheep_another_room,
          minmay_crystal_room, kennysheep_doodads, minmay_pentomino_x4
D:2:      layout_basic, nicolae_qazlal_style_of_elements,
          nicolae_overflow_hidden_temple
D:3:      layout_basic, gammafunk_ghost_icy, ebering_dispersal_statue_hall,
          kennysheep_generic_room_5
D:4:      layout_basic, serial_shops, shop, minmay_misc_feat_square,
          uniq_duvessa, uniq_blork_the_orc

Skill      XL: |  1  2  3  4 |
---------------+-------------+-----
Dodging        | 2 |  2.2
Poison Magic   | 1 |  1.5
Unarmed Combat | 4 |  4.1
Fighting       | 2 |  2.0
Spellcasting   | |  2.5
Transmutations | |  2.6

Action                   |  1- 3 |  4- 6 || total
-------------------------+-------+-------++-------
Melee: Unarmed           |   128 |    26 ||   154
       Tailslap          |    12 |     1 ||    13
       Headbutt          |     8 |     4 ||    12
       Kick              |    17 |     7 ||    24
       Punch             |     1 |       ||     1
 Cast: Beastly Appendage |    34 |     4 ||    38
       Spider Form       |       |     1 ||     1
Armor: Skin              |    36 |    10 ||    46
Dodge: Dodged            |    96 |    18 ||   114

Table legend: (Time is in decaauts)
 A = Elapsed time spent in this place.
 B = Non-inter-level travel time spent in this place.
 C = Inter-level travel time spent in this place.
 D = Time resting spent in this place.
 E = Time spent auto-exploring this place.
 F = Levels seen in this place.
 G = Mean time per level.
                   A        B        C        D        E       F      G
               +--------+--------+--------+--------+--------+-----+--------+
         Total |   3471 |   3314 |    157 |      0 |   2834 |   4 |  867.8 |
       Dungeon |   3471 |   3314 |    157 |      0 |   2834 |   4 |  867.8 |
               +--------+--------+--------+--------+--------+-----+--------+

Top non-repeatable levels by time:
     D:2: 1376 daAuts
     D:3: 1039 daAuts
     D:1: 920 daAuts
     D:4: 134 daAuts
